 Dungeon Crawl Stone Soup version 0.27-a0-1312-g5cdb2b3542 (webtiles) character file.

Game seed: 12136998937679191517

106 BlueGoblin the Digger (level 5, -2/37 HPs)
             Began as a Formicid Earth Elementalist on June 20, 2021.
             Killed by divine providence
             ... invoked by an orc priest
              (16 damage)
             ... on level 3 of the Dungeon.
             The game lasted 00:11:04 (4042 turns).

BlueGoblin the Digger (Formicid Earth Elementalist) Turns: 4042, Time: 00:11:04

Health: -2/37      AC:  2    Str: 13    XL:     5   Next: 10%
Magic:  0/8        EV: 12    Int: 21    God:
Gold:   121        SH:  0    Dex: 11    Spells: 3/9 levels left

rFire    . . .     SeeInvis +   h - +0 spear
rCold    . . .     Faith    .   (no shield)
rNeg     . . .     Spirit   .   b - +0 robe
rPois    .         Reflect  .   (helmet unavailable)
rElec    .         Harm     .   (no cloak)
rCorr    .         Rampage  .   (no gloves)
Will     .....                  (no boots)
Stlth    ++........             (no amulet)
HPRegen  0.12/turn              q - +6 ring of intelligence
MPRegen  0.11/turn              (no ring)

@: no status effects
A: permanent stasis, dig shafts and tunnels, antennae 3, four strong arms
a: Dig, Shaft Self


You were on level 3 of the Dungeon.
You visited 1 branch of the dungeon, and saw 3 of its levels.

You collected 121 gold pieces.

Inventory:

Hand Weapons
 g - a +0 short sword
 h - a +0 spear (weapon)
 n - a +0 quarterstaff
Missiles
 c - 9 stones
Armour
 b - a +0 robe (worn)
 f - a +0 chain mail
 j - a +0 leather armour
Jewellery
 q - a +6 ring of intelligence (left hand)
Scrolls
 d - a scroll of immolation
 l - a scroll of identify {unknown}
 o - a scroll of holy word {unknown}
 p - a scroll of fog {unknown}
Potions
 a - 2 potions of flight {unknown}
 e - 2 potions of haste {unknown}
 i - a potion of attraction {unknown}
 k - 2 potions of curing {unknown}
 m - a potion of berserk rage {unknown}


   Skills:
 + Level 1.4 Fighting
 + Level 0.4 Short Blades
 + Level 1.2 Polearms
 + Level 0.2 Armour
 + Level 2.2 Dodging
 + Level 3.1 Stealth
 + Level 2.6 Spellcasting
 + Level 1.1 Transmutations
 + Level 4.7 Earth Magic


You had 3 spell levels left.
You knew the following spells:

 Your Spells              Type           Power      Damage    Failure   Level
a - Sandblast             Erth           44%        2d11      1%          1
b - Passwall              Tmut/Erth      11%        N/A       6%          2
c - Stone Arrow           Conj/Erth      24%        3d8       16%         3

Your spell library contained the following spells:

 Spells                   Type           Power      Damage    Failure   Level
 Confusing Touch          Hex            2%         N/A       38%         3
 Gell's Gravitas          Tloc           1%         N/A       38%         3
 Petrify                  Tmut/Erth      14%        N/A       38%         4
 Lee's Rapid Deconstruct  Erth           11%        3d9*      50%         5
 Yara's Violent Unravell  Hex/Tmut       2%         3d3       97%         5
 Metabolic Englaciation   Hex/Ice        1%         N/A       98%         5


Dungeon Overview and Level Annotations

Branches:
Dungeon (3/15)

Altars:
Sif Muna
Beogh

Shops:
D:2 !


Innate Abilities, Weirdness & Mutations

You cannot be hasted, slowed, berserked, paralysed or teleported.
You can dig through walls and to a lower floor.
You have a pair of large antennae on your head. (SInv)
Your four strong arms can wield two-handed weapons with a shield.


Message History

The blast of sand hits the orc priest but does no damage.
The orc priest hits you from afar with a +0 trident.
Casting: Sandblast (safe; 1% risk of failure)
Confirm with . or Enter, or press ? or * to list all spells.
Aiming: Sandblast (safe; 1% risk of failure)
Press: ? - help, Shift-Dir - straight line, f/p - orc priest
Aim: an orc priest, wielding a +0 trident and wearing a +0 chain mail (86% to hit)
The blast of sand hits the orc priest but does no damage.
The orc priest looks braver for a moment.
Casting: Sandblast (safe; 1% risk of failure)
Confirm with . or Enter, or press ? or * to list all spells.
Aiming: Sandblast (safe; 1% risk of failure)
Press: ? - help, Shift-Dir - straight line, f/p - orc priest
Aim: an orc priest, wielding a +0 trident and wearing a +0 chain mail (86% to hit)
The blast of sand hits the orc priest.
The orc priest is moderately wounded.
The orc priest closely misses you. The orc priest misses you.
Your magical contamination has completely faded away.
You extend your mandibles.
You dig through the rock wall.
The orc priest calls down the wrath of Beogh upon you.
Beogh smites you!
You dig through the rock wall.
You dig through the rock wall.
Casting: Sandblast (safe; 1% risk of failure)
Confirm with . or Enter, or press ? or * to list all spells.
Aiming: Sandblast (safe; 1% risk of failure)
Press: ? - help, Shift-Dir - straight line, f/p - orc priest
Aim: an orc priest, wielding a +0 trident and wearing a +0 chain mail (moderately wounded, 86% to hit)
The blast of sand hits the orc priest!
The orc priest is almost dead.
The orc priest closely misses you.
Unknown command.
You retract your mandibles.
The orc priest misses you.
You barely miss the orc priest.
The orc priest is almost dead.
The orc priest mumbles some strange prayers to Beogh against you.
Beogh smites you!
You die...

##### # #...# #
####...########## #
#.@oo...........###
####....##.####....
#.....#.# ####.
#.....#o# #####.
#.....#.# #.....
......##$$$#####.
.......#.8$8.# #.
.......+...$_# #..
#.8$8.#...#


You could see an orc priest and an orc.

Vanquished Creatures
  An orc wizard (D:3)
  2 adders (D:2)
  2 dart slugs
  4 orcs (D:3)
  3 ball pythons
  4 endoplasms
  A giant cockroach (D:2)
  4 goblins
  4 hobgoblins
  2 jackals (D:1)
  5 kobolds
  7 quokkas
  5 bats
  2 frilled lizards
  3 rats
49 creatures vanquished.

Vanquished Creatures (others)
  A frilled lizard (D:1)
1 creature vanquished.

Grand Total: 50 creatures vanquished

Notes
Turn   | Place    | Note
-------+----------+-------------------------------------------
     0 | D:1      | BlueGoblin the Formicid Earth Elementalist began the quest
                  | for the Orb.
     0 | D:1      | Reached XP level 1. HP: 13/13 MP: 3/3
     2 | D:1      | Noticed a formicid
     2 | D:1      | Noticed a dwarf
     4 | D:1      | Noticed a spriggan
     6 | D:1      | Noticed a demonspawn
    10 | D:1      | Noticed a human
    12 | D:1      | Noticed a palentonga
    12 | D:1      | Noticed a vampire
    14 | D:1      | Noticed a barachi
    14 | D:1      | Noticed a gargoyle
    16 | D:1      | Noticed a troll
    16 | D:1      | Noticed an octopode
    18 | D:1      | Noticed a djinni
    18 | D:1      | Noticed a merfolk
    20 | D:1      | Noticed a vine stalker
    20 | D:1      | Noticed a minotaur
    22 | D:1      | Noticed a felid
    22 | D:1      | Noticed an elf
    24 | D:1      | Noticed a draconian
    24 | D:1      | Noticed a ghoul
    26 | D:1      | Noticed a tengu
    26 | D:1      | Noticed an ogre
    28 | D:1      | Noticed a naga
    28 | D:1      | Noticed a demigod
   169 | D:1      | Reached skill level 4 in Earth Magic
   318 | D:1      | Reached XP level 2. HP: 12/19 MP: 1/5
  1310 | D:1      | Reached XP level 3. HP: 20/24 MP: 1/6
  1828 | D:2      | Found a faded altar of an unknown god.
  2579 | D:2      | Found Halafuz's Distillery.
  2718 | D:2      | Reached XP level 4. HP: 23/31 MP: 7/7
  3076 | D:2      | Reached skill level 1 in Fighting
  3869 | D:3      | Reached skill level 1 in Polearms
  3869 | D:3      | Reached XP level 5. HP: 37/37 MP: 4/8
  3947 | D:3      | Found a shimmering blue altar of Sif Muna.
  3990 | D:3      | Learned a level 2 spell: Passwall
  4009 | D:3      | Learned a level 3 spell: Stone Arrow
  4042 | D:3      | Killed from afar by an orc priest

Illustrated notes

Levels and vault maps discovered:
D:1:      kb_arrival_jail, layout_basic
D:2:      layout_loops_ring, shapermc_ecumenical_altar_venn, serial_shops, shop,
          chequers_serial_rivers_small_3
D:3:      layout_rooms, nicolae_overflow_hidden_temple, old_standard_altar,
          old_standard_altar, cheibriados_altar_1, ebering_ghost_inner_flame,
          kennysheep_orc_chapel

Skill      XL: |  1  2  3  4 |
---------------+-------------+-----
Earth Magic    | 4 |  4.7
Dodging        | 2 |  2.2
Fighting       | 1 |  1.4
Stealth        | 3 |  3.1
Polearms       | 1 |  1.2
Short Blades   | |  0.4
Armour         | |  0.2
Spellcasting   | |  2.6
Transmutations | |  1.1

Action                   |  1- 3 |  4- 6 || total
-------------------------+-------+-------++-------
Melee: Unarmed           |    29 |       ||    29
       Short sword       |    25 |       ||    25
       Spear             |    53 |    47 ||   100
 Cast: Sandblast         |    17 |    24 ||    41
       Passwall          |       |     1 ||     1
 Abil: Dig               |    29 |     5 ||    34
  Use: Scroll            |     2 |       ||     2
 Stab: Sleeping          |     4 |       ||     4
Armor: Chain mail        |    36 |       ||    36
       Robe              |    22 |     6 ||    28
Dodge: Dodged            |    62 |    31 ||    93

Table legend: (Time is in decaauts)
 A = Elapsed time spent in this place.
 B = Non-inter-level travel time spent in this place.
 C = Inter-level travel time spent in this place.
 D = Time resting spent in this place.
 E = Time spent auto-exploring this place.
 F = Levels seen in this place.
 G = Mean time per level.
                   A        B        C        D        E       F      G
               +--------+--------+--------+--------+--------+-----+--------+
         Total |   4088 |   4020 |     68 |   1312 |   1498 |   3 | 1362.7 |
       Dungeon |   4088 |   4020 |     68 |   1312 |   1498 |   3 | 1362.7 |
               +--------+--------+--------+--------+--------+-----+--------+

Top non-repeatable levels by time:
     D:2: 2024 daAuts
     D:1: 1655 daAuts
     D:3: 408 daAuts
